 Dungeon Crawl Stone Soup version 0.28-a0-1524-ge72afd5fc6 (webtiles) character file.

Game seed: 9960340558182346175

329 HallandMoats the Skirmisher (level 6, -2/49 HPs)
             Began as a Demonspawn Fighter on Jan 18, 2022.
             Slain by a gnoll (8 damage)
             ... on level 3 of the Dungeon.
             The game lasted 00:03:28 (2663 turns).

HallandMoats the Skirmisher (Demonspawn Fighter)    Turns: 2663, Time: 00:03:29

Health: -2/49      AC: 14    Str: 18    XL:     6   Next: 25%
Magic:  6/6        EV:  7    Int:  9    God:
Gold:   85         SH:  5    Dex: 13    Spells: 5/5 levels left

rFire   . . .      SeeInvis .   h - +2 flail (vorpal)
rCold   . . .      Faith    .   c - +0 buckler
rNeg    . . .      Spirit   .   i - +1 chain mail {rPois}
rPois   +          Reflect  .   f - +0 helmet
rElec   .          Harm     .   (no cloak)
rCorr   .          Rampage  .   (no gloves)
Will    .....                   (no boots)
Stlth   ..........              (no amulet)
HPRegen 0.16/turn               (no ring)
MPRegen 0.10/turn               (no ring)

@: no status effects
A: molten scales 2, ignite blood 1
a: no special abilities


You were on level 3 of the Dungeon.
You visited 1 branch of the dungeon, and saw 3 of its levels.

You collected 85 gold pieces.

Inventory:

Hand Weapons
 a - a +0 war axe
 h - a +2 vorpal flail (weapon)
Missiles
 k - a throwing net (quivered)
Armour
 c - a +0 buckler (worn)
 f - a +0 helmet (worn)
 i - a +1 chain mail of poison resistance (worn)
 j - a +0 crystal plate armour
Scrolls
 d - a scroll of enchant armour {unknown}
 e - a scroll of identify {unknown}
Potions
 b - a potion of flight {unknown}
 g - a potion of brilliance {unknown}


   Skills:
 * Level 4.4 Fighting
 * Level 3.6 Axes
 + Level 3.4 Armour
 + Level 1.8 Dodging
 + Level 3.4 Shields


You had 5 spell levels left.
You didn't know any spells.
Your spell library contained the following spells:

 Spells                   Type           Power      Damage    Failure   Level
 Blink                    Tloc           0%         N/A       100%        2
 Corpse Rot               Necr/Air       0%         N/A       100%        2
 Poisonous Vapours        Pois/Air       0%         N/A       100%        2
 Animate Dead             Necr           0%         N/A       100%        4
 Manifold Assault         Tloc           0%         N/A       100%        5
 Haunt                    Necr/Summ      0%         N/A       100%        7
 Storm Form               Tmut/Air       0%         N/A       100%        7
 Infestation              Necr           0%         N/A       100%        8


Dungeon Overview and Level Annotations

Branches:
Dungeon (3/15)

Altars:
The Shining One


Innate Abilities, Weirdness & Mutations

You are mostly covered in molten scales. (AC +3)
Your demonic aura sometimes causes spilled blood to erupt in flames.


Message History

You are too injured to fight recklessly!
You are too injured to fight recklessly!
You are too injured to fight recklessly!
You are too injured to fight recklessly!
You are too injured to fight recklessly!
You are too injured to fight recklessly!
You are too injured to fight recklessly!
The gnoll barely misses you.
You see here 19 arrows.
You see here 15 gold pieces.
You now have 85 gold pieces (gained 15).
There is a stone staircase leading up here.
The gnoll hits you with a +0 halberd.
You barely miss the gnoll. The gnoll closely misses you.
You block the gnoll's attack.
You closely miss the gnoll. The gnoll closely misses you.
You thump the gnoll!
The gnoll is almost dead.
The gnoll is engulfed in blazing flames.
You kill the gnoll!
The gnoll barely misses you.
Things that are here:
a +0 halberd; a gnoll corpse You completely miss the gnoll.
The gnoll is heavily wounded.
The gnoll hits you but does no damage. The gnoll hits you with a +0 flail!
You hit the gnoll.
The gnoll is almost dead.
The gnoll is engulfed in blazing flames.
You kill the gnoll!
The gnoll barely misses you.
Things that are here:
a +0 flail; a gnoll corpse You closely miss the gnoll.
You block the gnoll's attack. The gnoll hits you with a +0 flail!
* * * LOW HITPOINT WARNING * * *
You hit the gnoll.
The gnoll is heavily wounded.
The gnoll hits you with a +0 flail!
You die...

#.##.#.# #.##.#.# #.##.#.#
.. #.##.#.# ###.###
#......#####......
#<.........#.#.##.
#.##.......#......
#)##.##.##.#......
#@##....##.#..#.#.
######g##.##)..........
###....rr...##.##.##...##
....##.#..........##.....
#####.##.##.........##.....
................######...##
#####.#.##g..##.# #...#
.#####.#.##..)##.# #...#
......†...r...##.# #....


You could see a gnoll and 2 rats.

Vanquished Creatures
  Sigmund (D:2)
  Terence (D:2)
  An orc wizard (D:3)
  4 adders
  3 gnolls (D:3)
  2 worms (D:2)
  A dart slug (D:1)
  6 orcs (D:3)
  2 ball pythons
  2 endoplasms (D:1)
  3 giant cockroaches (D:1)
  4 hobgoblins
  4 jackals (D:1)
  3 quokkas
  4 bats
  A frilled lizard (D:3)
  2 goblins (D:1)
  6 kobolds
  5 rats
55 creatures vanquished.

Notes
Turn   | Place    | Note
-------+----------+-------------------------------------------
     0 | D:1      | HallandMoats the Demonspawn Fighter began the quest for the
                  | Orb.
     0 | D:1      | Reached XP level 1. HP: 18/18 MP: 1/1
    78 | D:1      | Gained mutation: You are partially covered in molten
                  | scales. (AC +2) [demonic ancestry]
    78 | D:1      | Reached XP level 2. HP: 8/24 MP: 2/2
   874 | D:1      | Gained mutation: You are mostly covered in molten scales.
                  | (AC +3) [demonic ancestry]
   874 | D:1      | Reached XP level 3. HP: 28/29 MP: 3/3
  1112 | D:2      | Found a faded altar of an unknown god.
  1279 | D:2      | Noticed Terence
  1291 | D:2      | Killed Terence
  1292 | D:2      | Reached skill level 1 in Dodging
  1584 | D:2      | Noticed Sigmund
  1594 | D:2      | Killed Sigmund
  1595 | D:2      | Reached skill level 4 in Fighting
  1595 | D:2      | Gained mutation: Your demonic aura sometimes causes spilled
                  | blood to erupt in flames. [demonic ancestry]
  1595 | D:2      | Reached XP level 4. HP: 37/37 MP: 4/4
  1595 | D:2      | Reached XP level 5. HP: 42/42 MP: 5/5
  2441 | D:3      | Reached XP level 6. HP: 38/48 MP: 6/6
  2663 | D:3      | Slain by a gnoll

Illustrated notes

Levels and vault maps discovered:
D:1:      lightli_molten_gateway, layout_basic, serial_glass, glass_columns_c,
          glass_columns_c
D:2:      layout_basic, nicolae_ecumenical_oubliette, uniq_terence, uniq_sigmund
D:3:      layout_loops_cross, mainiacjoe_overflow_six_doors_small,
          wad_rectangle_vault

Skill      XL: |  1  2  3 |
---------------+----------+-----
Axes           | 2 3 |  3.6
Armour         | 3 |  3.4
Dodging        | 1 |  1.8
Fighting       | 4 |  4.4
Shields        | 3 |  3.4

Action                   |  1- 3 |  4- 6 || total
-------------------------+-------+-------++-------
Melee: War axe           |    82 |       ||    82
       Flail             |     7 |    71 ||    78
  Use: Potion            |     2 |       ||     2
Armor: Scale mail        |    31 |       ||    31
       Plate armour      |    23 |       ||    23
       Chain mail        |     6 |    40 ||    46
Dodge: Dodged            |    26 |    35 ||    61
Block: Buckler           |    20 |    17 ||    37

Table legend: (Time is in decaauts)
 A = Elapsed time spent in this place.
 B = Non-inter-level travel time spent in this place.
 C = Inter-level travel time spent in this place.
 D = Time resting spent in this place.
 E = Time spent auto-exploring this place.
 F = Levels seen in this place.
 G = Mean time per level.
                   A        B        C        D        E       F      G
               +--------+--------+--------+--------+--------+-----+--------+
         Total |   2725 |   2618 |    107 |      0 |   2058 |   3 |  908.3 |
       Dungeon |   2725 |   2618 |    107 |      0 |   2058 |   3 |  908.3 |
               +--------+--------+--------+--------+--------+-----+--------+

Top non-repeatable levels by time:
     D:1: 1276 daAuts
     D:2: 986 daAuts
     D:3: 462 daAuts
